 Dungeon Crawl Stone Soup version 0.19-a0-1697-g0595f0e (webtiles) character file.

149 Lochraine the Covered (level 5, -3/38 HPs)
             Began as a Human Wanderer on Sept 26, 2016.
             Slain by a sky beast (6 damage)
             ... on level 3 of the Dungeon.
             The game lasted 00:07:51 (2556 turns).

Lochraine the Covered (Human Wanderer)              Turns: 2556, Time: 00:07:52

Health: -3/38      AC:  9    Str:  9    XL:     5   Next: 56%
Magic:  5/5        EV:  8    Int: 14    God:
Gold:   109        SH:  0    Dex: 15    Spells: 0 memorised, 4 levels left

rFire  . . .     SeeInvis .     q - +1 hand axe (chop)
rCold  + . .     Gourm    .     s - +0 scale mail
rNeg   . . .     Faith    .     (no shield)
rPois  .         Spirit   .     (no helmet)
rElec  .         Dismiss  .     x - +0 cloak
rCorr  .         Reflect  .     (no gloves)
MR     +....     Harm     .     (no boots)
Stlth  ..........               (no amulet)
                                v - ring of protection from cold
                                m - ring of protection from magic

@: no status effects
A: no striking features
a: no special abilities


You were on level 3 of the Dungeon.
You were hungry.

You visited 1 branch of the dungeon, and saw 3 of its levels.

You collected 109 gold pieces.

Inventory:

Hand Weapons
 c - a +0 spear
 d - a +0 short sword
 e - a -3 dagger
 q - a +1 hand axe of chopping (weapon)
Missiles
 b - 3 throwing nets (quivered)
Armour
 a - a +0 leather armour
 g - a +0 ring mail
 s - a +0 scale mail (worn)
 x - a +0 cloak (worn)
Magical Staves
 r - an uncursed staff of fire
Jewellery
 m - a ring of protection from magic (left hand)
 v - a ring of protection from cold (right hand)
Wands
 t - a wand of lightning (0/15)
Scrolls
 o - 4 scrolls of identify
 y - a scroll of enchant armour {unknown}
Potions
 h - 2 potions of brilliance
 i - 2 potions of lignification {unknown}
 j - a potion of might {unknown}
 n - 2 potions of agility {unknown}
 p - 2 potions of curing {unknown}
 u - a potion of heal wounds {unknown}
 w - a potion of cure mutation {unknown}
Comestibles
 f - 2 bread rations
 k - 3 meat rations
 l - 3 chunks of flesh


   Skills:
 - Level 2.0 Fighting
 - Level 3.0 Short Blades
 - Level 1.8 Polearms
   Level 2.0 Bows
 + Level 4.0 Armour
 - Level 1.6 Dodging
   Level 2.0 Shields


You had 4 spell levels left.
You didn't know any spells.

Dungeon Overview and Level Annotations

Branches:
Dungeon (3/15)

Altars:
Dithmenos
Okawaru
Yredelemnul
Zin


Message History

You barely miss something.
You are feeling hungry.
Something hits you but does no damage. x2
You barely miss something. Something hits you but does no damage.
You miss something. Something hits you but does no damage.
You miss something. Something hits you. Something shocks you.
You miss something. Something hits you but does no damage.
You miss something. Something hits you but does no damage. Something hits you.
Something shocks you.
You completely miss something. Something hits you but does no damage.
You closely miss something. Something hits you.
* * * LOW HITPOINT WARNING * * *
Something shocks you.
* * * LOW HITPOINT WARNING * * *
You barely miss something.
A sky beast appears from thin air!
Reactivating autopickup.
The sky beast hits you.
* * * LOW HITPOINT WARNING * * *
The sky beast shocks you.
You die...

*,,,,,,* *,......####
*,,,,,,**** ***>......#§
*,,,,,,,,,* #.###.§#§#
*,,,,,,**,*****#.....§§§§
*,*,*,,,,,,,,,,..######§#
*,*,*,***,******,* ##.
*,*,*,,,,,* #.# ##
*,#.######### #.# #
*,#....Y@...# #.# #
*,#########.# #.# *,* #.#
#.######## *,*
#.####_........ *,*
###.#......#####. *,*
#..........# #. *,*
###.#.#...÷..# #. *,*
#...#.#......# #. *,*
#.###.#......# #.


You could see a sky beast.

Vanquished Creatures
  2 orc priests (D:3)
  An adder (D:3)
  2 dart slugs
  3 leopard geckos
  8 orcs (D:3)
  5 bats
  4 giant cockroaches
  7 goblins
  10 hobgoblins
  4 jackals (D:3)
  10 kobolds
  5 rats
61 creatures vanquished.

Notes
Turn   | Place    | Note
-------+----------+-------------------------------------------
     0 | D:1      | Lochraine the Human Wanderer began the quest for the Orb.
     0 | D:1      | Lochraine set off with: a +0 leather armour, 4 throwing nets, a +0 spear, a +0 short sword, a bread ration
     0 | D:1      | Reached XP level 1. HP: 16/16 MP: 1/1
   228 | D:1      | Reached XP level 2. HP: 22/22 MP: 2/2
   235 | D:1      | Reached skill level 1 in Polearms
   589 | D:1      | Reached XP level 3. HP: 11/27 MP: 3/3
   872 | D:1      | Reached skill level 1 in Armour
  1112 | D:2      | Found an iron altar of Okawaru.
  1532 | D:3      | Found a basalt altar of Yredelemnul.
  1533 | D:3      | Found a shadowy altar of Dithmenos.
  1708 | D:3      | Reached skill level 2 in Armour
  1708 | D:3      | Reached XP level 4. HP: 19/33 MP: 4/4
  1792 | D:3      | Reached skill level 3 in Armour
  1972 | D:3      | Reached XP level 5. HP: 25/38 MP: 5/5
  2252 | D:3      | Reached skill level 4 in Armour
  2499 | D:3      | Found a glowing silver altar of Zin.
  2536 | D:3      | Noticed a sky beast
  2556 | D:3      | Slain by a sky beast

Vault maps used:
D:1:      sevenhm_arrival_forest_fort_small_3, minivault_4
D:2:      okawaru_ov_weapons_minmay
D:3:      grunt_dithmenos_smoke_and_mirrors, overflow_temple_1_default,
          mrwooster_statue_mirror, yredelemnul_altar_generic

Skill      XL: |  1  2  3  4  5 |
---------------+----------------+-----
Polearms       | 1 |  1.8
Armour         | 2 3 4 |  4.0
Fighting       | |  2.0
Short Blades   | |  3.0
Bows           | |  2.0
Dodging        | |  1.6
Shields        | |  2.0

Action                   |  1- 3 |  4- 6 || total
-------------------------+-------+-------++-------
Melee: Spear             |   133 |       ||   133
       Dagger            |    29 |       ||    29
       Hand axe          |     6 |    75 ||    81
Throw: Throwing net      |     1 |       ||     1
Evoke: Wand              |     1 |     3 ||     4
  Use: Scroll            |     5 |       ||     5
 Stab: Held in net/web   |     1 |       ||     1
  Eat: Chunk             |     3 |     2 ||     5
Armor: Leather armour    |     7 |       ||     7
       Ring mail         |    41 |       ||    41
       Scale mail        |     4 |    48 ||    52
Dodge: Dodged            |    73 |    38 ||   111
